Map: Frostline LE

Players

GEGandCHUK - Winner!

  • Race: Protoss Protoss
  • League: Master
  • Spawn Location: 7:00

SkitArg

  • Race: Zerg Zerg
  • League: Master
  • Spawn Location: 1:00

VOD

Have the link to the VOD?

Description

Time

  • Played on: Feb. 28, 2025, 9:10 p.m.
  • Length: 15:25
Show
View Real Time Build Order
Export as new Build Order

GEGandCHUK Protoss - Winner!

Build Orders: Nexus First 

Get SALT Encoding   

  12  0:00  Probe  
  13  0:13  Probe  
  14  0:22  Pylon  
  14  0:25  Probe  
  15  0:40  Probe  
  16  0:54  Probe  
  17  1:03  Nexus  
  17  1:11  Probe  
  17  1:12  Gateway  
  18  1:21  Assimilator, Probe  
  19  1:28  Assimilator  
  19  1:31  Probe  
  19  1:39  Pylon, Probe  
  21  1:47  Probe  
  22  2:00  Cybernetics Core  
  22  2:01  Zealot  
  22  2:04  Probe  
  22  2:05  Cybernetics Core  
  25  2:11  Probe  
  25  2:12  Probe  
  26  2:19  Probe  
  27  2:25  Probe  
  27  2:29  Probe  
  31  2:37  Probe  
  31  2:41  Adept  
  31  2:43  Stargate  
  33  2:47  Probe  
  34  2:51  Probe  
  34  2:53  Assimilator  
  35  2:59  Protoss Air Weapons Level 1  
  35  3:00  Probe  
  35  3:03  Probe, Shield Battery  
  37  3:12  Probe  
  38  3:15  Probe  
  39  3:21  Stargate  
  39  3:24  Probe  
  40  3:27  Probe  
  41  3:34  Pylon  
  41  3:36  Probe  
  46  3:46  Void Ray  
  46  3:48  Probe  
  46  3:53  Pylon, Probe  
  46  3:54  Assimilator  
  48  3:57  Probe  
  48  4:00  Void Ray  
  49  4:05  Probe  
  54  4:11  Probe  
  54  4:16  Pylon  
  56  4:17  Probe  
  56  4:23  Probe  
  57  4:29  Probe  
  57  4:30  Void Ray  
  62  4:35  Pylon, Probe  
  63  4:41  Probe  
  63  4:44  Void Ray  
  64  4:47  Probe  
  64  4:48  Pylon  
  69  4:53  Probe  
  69  4:58  Nexus  
  70  5:00  Void Ray  
  70  5:04  Pylon  
  74  5:13  Warp Gate  
  74  5:17  Void Ray  
  74  5:20  Pylon, Probe x2  
  80  5:24  Forge  
  80  5:37  Shield Battery  
  80  5:38  Void Ray  
  84  5:49  Shield Battery  
  84  5:51  Shield Battery  
  84  5:54  Pylon, Shield Battery  
  80  6:04  Pylon  
  80  6:06  Shield Battery  
  78  6:20  Void Ray  
  78  6:28  Probe  
  78  6:31  Pylon  
  78  6:32  Pylon  
  73  6:39  Void Ray  
  73  6:40  Photon Cannon  
  73  6:42  Robotics Facility  
  73  6:43  Photon Cannon  
  73  6:45  Protoss Ground Weapons Level 1, Robotics Facility  
  77  6:48  Twilight Council  
  77  6:52  Probe x3, Photon Cannon  
  80  6:54  Photon Cannon  
  80  6:57  Void Ray  
  80  7:00  Probe  
  84  7:04  Probe x2  
  84  7:08  Pylon  
  87  7:16  Probe  
  92  7:26  Void Ray  
  92  7:28  Gateway  
  92  7:29  Gateway  
  88  7:39  Stalker  
  93  7:53  Robotics Bay  
  93  7:56  Void Ray  
  93  7:58  Cybernetics Core  
  89  8:05  Void Ray  
  89  8:10  Pylon  
  89  8:11  Pylon, Blink  
  93  8:14  Gateway  
  93  8:17  Gateway  
  87  8:20  Gateway  
  87  8:21  Zealot  
  87  8:22  Gateway  
  81  8:33  Protoss Ground Weapons Level 2  
  80  8:34  Probe x3  
  80  8:35  Colossus  
  80  8:36  Assimilator  
  80  8:38  Colossus  
  80  8:39  Stalker x2  
  86  8:46  Probe  
  89  8:58  Probe  
  89  8:59  Assimilator  
  88  9:03  Stalker  
  81  9:11  Extended Thermal Lance  
  81  9:14  Zealot x2  
  81  9:15  Zealot  
  72  9:34  Nexus  
  62  9:45  Probe  
  62  9:54  Probe, Nexus  
  62  9:56  Pylon  
  62  9:57  Probe  
  64  10:01  Stalker x5  
  64  10:06  Stalker, Probe  
  77  10:10  Probe  
  76  10:18  Probe  
  70  10:31  Probe  
  70  10:34  Probe  
  72  10:41  Colossus x2  
  84  10:49  Gateway  
  84  10:51  Gateway  
  84  10:52  Charge  
  84  10:54  Probe  
  84  10:55  Pylon  
  85  11:03  Assimilator  
  85  11:05  Pylon  
  85  11:09  Stalker, Probe  
  85  11:11  Probe x2  
  89  11:12  Probe  
  89  11:14  Pylon, Protoss Ground Weapons Level 3  
  91  11:22  Gateway  
  91  11:23  Probe  
  91  11:24  Gateway  
  91  11:25  Gateway  
  92  11:33  Zealot  
  92  11:35  Stalker x2  
  92  11:39  Probe  
  100  11:40  Probe x2  
  100  11:44  Probe  
  102  11:51  Observer x2, Probe  
  102  11:52  Probe  
  106  11:54  Stalker  
  106  11:57  Probe x2  
  110  12:01  Assimilator  
  110  12:04  Probe x2  
  110  12:05  Probe  
  110  12:06  Templar Archives  
  112  12:09  Probe  
  112  12:12  Stalker  
  114  12:16  Probe x2  
  114  12:19  Zealot x3  
  114  12:40  Zealot x5  
  114  12:41  Zealot x5  
  114  12:44  Probe x3  
  137  12:45  Probe  
  138  13:01  Observer  
  138  13:02  Warp Prism  
  138  13:04  High Templar x4  
  138  13:05  Zealot x3  
  153  13:06  Zealot x3  
  153  13:08  Archon  
  153  13:09  Archon  
  161  13:19  Probe  
  162  13:22  Assimilator  
  162  13:24  Photon Cannon  
  162  13:25  Pylon  
  162  13:27  Shield Battery  
  162  13:33  Nexus  
  162  13:35  Pylon  
  162  13:38  Stalker  
  162  13:39  Stalker x6  
  170  14:07  Stalker  
  170  14:08  Stalker x5  
  160  14:22  Zealot x4  
  140  14:48  Zealot x2  
  140  14:49  Zealot x7  
  140  14:50  Zealot  
  140  14:52  Gateway  
  148  14:54  Gateway  
  134  15:10  Zealot x3  
  134  15:11  Zealot x7  
  152  15:14  Gateway  
  152  15:17  Gateway  
Show
View Real Time Build Order
Export as new Build Order

SkitArg Zerg 

Build Orders: Hatch First, Lurkers 

Get SALT Encoding   

  12  0:02  Drone  
  13  0:12  Overlord  
  13  0:17  Drone  
  14  0:30  Drone x2  
  16  0:46  Hatchery  
  15  0:50  Drone  
  15  0:53  Drone  
  15  0:57  Drone  
  18  1:09  Extractor  
  17  1:13  Spawning Pool  
  17  1:15  Drone  
  17  1:19  Drone  
  18  1:28  Drone  
  19  1:39  Drone  
  20  1:49  Overlord  
  20  1:59  Drone  
  20  2:00  Zergling x2, Queen  
  20  2:01  Queen  
  26  2:09  Drone  
  26  2:11  Drone  
  26  2:15  Metabolic Boost  
  28  2:20  Drone  
  30  2:22  Drone  
  30  2:31  Drone  
  30  2:32  Drone  
  32  2:41  Overlord  
  32  2:43  Drone  
  33  2:53  Lair  
  33  2:57  Extractor  
  33  2:58  Drone x2  
  34  3:04  Drone  
  35  3:10  Drone x3  
  35  3:11  Drone x4  
  42  3:17  Overlord  
  41  3:22  Extractor  
  41  3:23  Extractor, Zergling x2  
  40  3:29  Overlord  
  40  3:32  Spore Crawler  
  39  3:34  Spore Crawler  
  39  3:37  Drone  
  39  3:45  Drone x2  
  39  3:46  Drone x3  
  44  3:50  Drone x3  
  47  3:55  Hydralisk Den  
  47  3:57  Overlord  
  45  4:25  Hydralisk, Lurker Den  
  45  4:26  Hydralisk x4, Muscular Augments  
  54  4:32  Hydralisk  
  54  4:35  Overlord  
  56  4:39  Hydralisk  
  56  4:41  Hatchery  
  56  4:45  Hydralisk  
  57  4:48  Hydralisk  
  61  4:53  Hydralisk x2  
  65  5:01  Hydralisk  
  65  5:04  Hydralisk  
  69  5:09  Hydralisk  
  71  5:17  Hydralisk x2  
  71  5:20  Overlord x2  
  75  5:21  Hydralisk  
  75  5:26  Lurker  
  75  5:28  Overlord  
  76  5:32  Grooved Spines  
  76  5:42  Lurker  
  77  5:47  Hydralisk x2  
  77  5:48  Zergling x2  
  77  5:49  Zergling x10  
  80  6:07  Hydralisk x4  
  80  6:08  Hydralisk  
  90  6:13  Hydralisk  
  86  6:19  Hydralisk  
  69  6:35  Overlord  
  69  6:36  Hydralisk x2  
  69  6:37  Hydralisk x2  
  77  6:42  Hydralisk  
  77  6:44  Hydralisk  
  81  6:48  Hydralisk  
  81  6:52  Hydralisk  
  85  6:57  Hydralisk  
  87  7:02  Hydralisk  
  88  7:11  Hydralisk x2  
  92  7:17  Hydralisk  
  92  7:19  Zergling x10  
  94  7:43  Hydralisk x3  
  94  7:44  Hydralisk x3  
  94  7:59  Hydralisk  
  94  8:00  Hydralisk x2  
  96  8:05  Overlord  
  96  8:07  Hydralisk x2  
  96  8:10  Zergling x2  
  96  8:11  Zergling x4  
  94  8:23  Hydralisk x3  
  98  8:42  Hydralisk x3  
  97  8:50  Overlord  
  97  8:53  Hydralisk x3  
  100  8:57  Evolution Chamber  
  86  9:13  Hydralisk x4  
  94  9:22  Lurker  
  93  9:24  Hydralisk  
  93  9:25  Hydralisk  
  97  9:37  Overseer  
  84  9:50  Overlord  
  76  9:53  Zerg Missile Weapons Level 1  
  76  9:54  Drone x4  
  76  9:55  Spire, Drone x4  
  83  10:02  Drone x3  
  83  10:04  Drone  
  83  10:05  Drone  
  88  10:08  Extractor  
  65  10:30  Overseer  
  65  10:34  Roach Warren  
  58  10:38  Hydralisk x7  
  72  10:47  Queen  
  74  10:53  Lurker  
  75  11:02  Drone x2  
  75  11:03  Drone  
  78  11:07  Zerg Flyer Armor Level 1  
  78  11:08  Corruptor x3  
  84  11:13  Drone  
  84  11:17  Glial Reconstitution  
  87  11:18  Roach  
  87  11:22  Roach x2  
  95  11:25  Roach x2  
  95  11:32  Roach  
  97  11:35  Roach  
  97  11:39  Roach x2  
  103  11:40  Roach  
  103  11:45  Hatchery  
  103  11:47  Roach x3  
  110  11:50  Roach  
  110  11:51  Roach  
  114  11:58  Extractor, Overlord  
  114  11:59  Overlord  
  108  12:16  Corruptor  
  108  12:17  Corruptor x3  
  116  12:28  Roach x3  
  116  12:29  Roach x2  
  104  12:40  Corruptor x2  
  106  12:45  Corruptor  
  108  12:52  Zerg Ground Armor Level 1  
  108  12:58  Hydralisk  
  108  12:59  Hydralisk x2  
  108  13:03  Drone  
  108  13:04  Drone x4  
  119  13:18  Roach x3  
  125  13:20  Overlord x3  
  125  13:24  Zerg Flyer Weapons Level 1  
  125  13:32  Overlord x2  
  125  13:48  Hydralisk x6  
  125  13:49  Hydralisk  
  100  14:23  Roach x5  
  100  14:24  Roach x7  
  104  14:30  Roach x2  
  92  14:37  Roach  
  94  14:40  Roach  
  90  14:52  Roach x3  
  70  15:04  Roach  
  70  15:05  Roach x3  
  76  15:13  Extractor  
Tags
 
Add a new tag
Caveats
  • Supply blocks, unpowered buildings, or Contaminate may cause inaccurate times.
  • Supply counts are checked every 10 seconds.